 Dungeon Crawl Stone Soup version 0.21.0-30-g47ce8e4cbb (webtiles) character file.

947 GuyWithAPlan the Protected (level 8, -7/59 HPs)
             Began as a Barachi Fighter on Jan 28, 2018.
             Was an Initiate of Cheibriados.
             Mangled by Fascinator's ghost (15 damage)
             ... on level 4 of the Dungeon.
             The game lasted 00:12:45 (5619 turns).

GuyWithAPlan the Protected (Barachi Fighter)        Turns: 5619, Time: 00:12:46

Health: -7/59      AC: 12    Str: 21    XL:     8   Next: 13%
Magic:  8/8        EV:  8    Int:  9    God:    Cheibriados [......]
Gold:   169        SH:  9    Dex: 13    Spells: 6/7 levels left

rFire    . . .     SeeInvis .   F - +3 flail (protect)
rCold    + . .     Gourm    .   c - +0 shield
rNeg     . . .     Faith    +   G - +1 ring mail {rC+}
rPois    +         Spirit   .   (no helmet)
rElec    .         Reflect  .   (no cloak)
rCorr    .         Harm     .   (no gloves)
MR       +....                  y - +2 pair of boots
Stlth    +.........             l - amulet of faith
HPRegen  0.19/turn              E - ring of poison resistance
MPRegen  0.11/turn              w - ring of protection from magic

@: can't hop, very slow
A: +LOS, swims, slowness 1, strong legs 1
a: Hop, Bend Time, Renounce Religion


You were on level 4 of the Dungeon.
You worshipped Cheibriados.
Cheibriados was noncommittal.
You were hungry.

You visited 2 branches of the dungeon, and saw 6 of its levels.

You collected 169 gold pieces.

Inventory:

Hand Weapons
 a - a +0 long sword
 d - a -2 spear
 e - a +2 short sword of speed
 v - a +2 hand axe of flaming
 F - a +3 flail of protection (weapon)
Missiles
 t - 3 tomahawks (quivered)
Armour
 b - a +0 scale mail
 c - a +0 shield (worn)
 x - a +0 pair of boots
 y - a +2 pair of boots (worn)
 G - a +1 ring mail of cold resistance (worn)
Jewellery
 g - an uncursed ring of see invisible
 l - an amulet of faith (around neck)
 w - a ring of protection from magic (right hand)
 E - a ring of poison resistance (left hand)
Scrolls
 i - a scroll of enchant weapon {unknown}
 j - a scroll of magic mapping {unknown}
 k - 2 scrolls of fear {unknown}
 m - 6 scrolls of remove curse
 q - 3 scrolls of teleportation {unknown}
 s - a scroll of blinking {unknown}
 z - a scroll of random uselessness {unknown}
 A - 2 scrolls of identify
 D - a scroll of fog {unknown}
Potions
 h - a potion of brilliance
 n - a potion of haste
 o - 4 potions of flight
 p - a potion of mutation
 r - a potion of agility
 u - 2 potions of berserk rage {unknown}
 B - a potion of curing {unknown}
Books
 C - a book of Cantrips

   Spells                             Type                      Level
   a - Confusing Touch                Hexes                        1
   b - Animate Skeleton               Necromancy                   1
   c - Summon Small Mammal            Summoning                    1
   d - Apportation                    Translocation                1
Comestibles
 f - 4 rations


   Skills:
 - Level 3.6 Fighting
 - Level 2.4 Long Blades
 + Level 11.2 Armour
 - Level 3.2 Shields
 * Level 0.1 Translocations


You had 6 spell levels left.
You knew the following spells:

 Your Spells              Type           Power        Failure   Level  Hunger
a - Apportation           Tloc           #.....       95%         1    ##.....


Dungeon Overview and Level Annotations

Branches:
Dungeon (5/15)             Temple (1/1) D:4

Altars:
Ashenzari
Cheibriados
Dithmenos
Fedhas
Gozag
Hepliaklqana
Okawaru
Qazlal
Sif Muna
Trog
Vehumet
Wu Jian
Yredelemnul
Zin

Shops:
D:4 %=[

Annotations:
D:4 Fascinator's ghost, amateur DrBe


Innate Abilities, Weirdness & Mutations

Shadows flee at your approach. (+LOS)
You can swim through water.
You cover ground slowly.
You can hop short distances.


Message History

Fascinator's ghost is heavily damaged.
Fascinator's ghost hits you but does no damage.
You sock Fascinator's ghost!
Fascinator's ghost is severely damaged.
Fascinator's ghost barely misses you. You block Fascinator's ghost's attack.
You completely miss Fascinator's ghost.
Fascinator's ghost is severely damaged.
Fascinator's ghost hits you.
* * * LOW HITPOINT WARNING * * *
You barely miss Fascinator's ghost.
Fascinator's ghost is severely damaged.
You block Fascinator's ghost's attack. Fascinator's ghost hits you.
* * * LOW HITPOINT WARNING * * *
You completely miss Fascinator's ghost.
Fascinator's ghost is severely damaged.
You block Fascinator's ghost's attack.
Your shield and ring mail prevent you from hitting Fascinator's ghost.
Fascinator's ghost is severely damaged.
Fascinator's ghost hits you!
You die...

#.
##...##########.##..###....#
#.....# ####..# #.....
+.....############..# #.....
#...............##..# #.##.#
#.#...............##..###....#
#.................##........##
########..........##....##....
#######................##....
#...........@....#####.##....
#..........##W......##.......
#(.........#........#####....
#..........#.b......# #....
#.............<...### #....
#####...####......# #....
#.............#######....
#......#.................
#......#....#............


You could see Fascinator's ghost.

Vanquished Creatures
  Edmund (D:4)
  A phantom (D:3)
  An ogre (D:5)
  2 scorpions
  A quasit (D:5)
  3 crimson imps (D:5)
  2 hounds
  An orc wizard (D:3)
  An iguana (D:4)
  3 worker ants
  A howler monkey zombie (D:5)
  10 gnolls
  6 adders
  A shadow imp (D:5)
  An ooze (D:1)
  An adder skeleton (D:4)
  A worm (D:3)
  2 dart slugs
  2 leopard geckos (D:3)
  4 orcs
  2 giant cockroaches
  8 hobgoblins
  4 jackals
  2 ball pythons
  A ball python skeleton (D:4)
  6 bats
  2 frilled lizards
  8 goblins
  5 kobolds
  A leopard gecko skeleton (D:4)
  A quokka zombie (D:5)
  8 rats
93 creatures vanquished.

Notes
Turn   | Place    | Note
-------+----------+-------------------------------------------
     0 | D:1      | GuyWithAPlan the Barachi Fighter began the quest for the Orb.
     0 | D:1      | Reached XP level 1. HP: 18/18 MP: 1/1
    17 | D:1      | Reached skill level 4 in Armour
    70 | D:1      | Reached XP level 2. HP: 24/24 MP: 2/2
   442 | D:1      | Reached skill level 5 in Armour
   442 | D:1      | Reached XP level 3. HP: 29/29 MP: 3/3
  1226 | D:2      | Reached XP level 4. HP: 32/36 MP: 4/4
  1496 | D:2      | Reached skill level 6 in Armour
  1721 | D:3      | Found a stormy altar of Qazlal.
  1787 | D:3      | Reached XP level 5. HP: 41/41 MP: 5/5
  1808 | D:3      | Reached skill level 7 in Armour
  3084 | D:3      | Reached XP level 6. HP: 26/47 MP: 6/6
  3416 | D:4      | Found Okhal's Food Shop.
  3428 | D:3      | Reached skill level 8 in Armour
  3586 | D:4      | Noticed Edmund
  3588 | D:4      | Noticed a phantom
  3659 | D:3      | Killed a phantom
  3781 | D:4      | Found Sividgh's Antique Armour Boutique.
  3814 | D:4      | Reached skill level 9 in Armour
  3977 | D:4      | Noticed Fascinator's ghost (amateur DrBe)
  3980 | D:5      | Entered Level 5 of the Dungeon
  3998 | D:5      | Reached XP level 7. HP: 48/52 MP: 7/7
  4563 | D:5      | Reached skill level 10 in Armour
  5066 | D:4      | Found a staircase to the Ecumenical Temple.
  5083 | D:4      | Found Cuesuymp's Jewellery Shop.
  5120 | Temple   | Entered the Ecumenical Temple
  5146 | Temple   | Became a worshipper of Cheibriados the Contemplative
  5198 | D:4      | Killed Edmund
  5198 | D:4      | Reached skill level 11 in Armour
  5198 | D:4      | Reached XP level 8. HP: 29/59 MP: 8/8
  5520 | D:4      | Learned a level 1 spell: Apportation
  5619 | D:4      | Mangled by Fascinator's ghost

Skill      XL: |  1  2  3  4  5  6  7 |
---------------+----------------------+-----
Armour         | 4 5 6 7 9 11 | 11.2
Fighting       | |  3.6
Long Blades    | |  2.4
Shields        | |  3.2
Translocations | |  0.1

Action                   |  1- 3 |  4- 6 |  7- 9 || total
-------------------------+-------+-------+-------++-------
Melee: Long sword        |     7 |       |       ||     7
       Short sword       |   100 |   138 |       ||   238
       Hand axe          |       |    87 |   170 ||   257
       Flail             |       |       |    12 ||    12
Throw: Tomahawk          |       |       |     2 ||     2
 Abil: Hop               |       |     2 |     1 ||     3
  Use: Scroll            |       |     1 |     5 ||     6
       Potion            |       |     1 |     1 ||     2
  Eat: Chunk             |       |     9 |     4 ||    13
       Ration            |       |     1 |       ||     1
Armor: Scale mail        |    41 |    75 |   127 ||   243
       Ring mail         |       |       |     3 ||     3
Dodge: Dodged            |    25 |    65 |    68 ||   158
Block: Shield            |    35 |    91 |   118 ||   244
       Rpst.: Long sword |     1 |       |       ||     1
